Map: Kairos Junction LE

Players

MarineLorD

  • Race: Terran Terran
  • League: Grandmaster
  • Spawn Location: 11:00

Lambo - Winner!

  • Race: Zerg Zerg
  • League: Master
  • Spawn Location: 5:00

VOD

Have the link to the VOD?

Description

Time

  • Played on: Jan. 12, 2019, 9:43 a.m.
  • Length: 11:10
Show
View Real Time Build Order
Export as new Build Order

MarineLorD Terran 

Build Orders: Gas First Reaper Expand, Liberator Opening 

Get SALT Encoding   

  12  0:00  SCV  
  13  0:12  SCV  
  14  0:17  Supply Depot  
  14  0:24  SCV  
  15  0:31  Refinery  
  15  0:38  SCV  
  16  0:44  Barracks  
  16  0:50  SCV  
  17  1:02  SCV  
  18  1:15  SCV  
  19  1:30  Orbital Command  
  19  1:31  Reaper  
  20  1:41  Command Center  
  20  1:55  SCV  
  20  1:56  Factory  
  21  2:06  Supply Depot  
  21  2:08  Barracks Reactor  
  21  2:09  SCV  
  21  2:14  Refinery  
  22  2:21  SCV  
  23  2:33  SCV  
  24  2:42  Starport  
  24  2:45  SCV  
  24  2:48  Hellion  
  24  2:49  Hellion  
  24  2:50  Marine  
  30  2:55  Orbital Command  
  30  2:57  SCV  
  31  3:10  SCV  
  31  3:11  Hellion  
  31  3:12  Hellion  
  36  3:20  SCV  
  36  3:22  SCV, Medivac  
  40  3:33  SCV  
  40  3:34  SCV  
  42  3:36  Hellion x2  
  46  3:41  Supply Depot  
  46  3:43  Armory  
  46  3:46  Liberator  
  46  4:03  SCV x2  
  46  4:05  Supply Depot  
  46  4:06  Hellion  
  53  4:13  Supply Depot  
  53  4:15  SCV  
  54  4:26  SCV, Supply Depot  
  54  4:27  SCV, Hellion  
  58  4:34  Hellion  
  60  4:38  SCV  
  60  4:39  SCV  
  60  4:40  Liberator  
  62  4:48  Hellion  
  62  4:51  SCV  
  60  4:54  SCV  
  60  4:55  Command Center, Supply Depot  
  62  5:01  Refinery  
  62  5:04  Refinery  
  62  5:06  Terran Vehicle And Ship Armor Level 1  
  60  5:07  SCV  
  61  5:14  SCV  
  61  5:18  Hellion x2  
  61  5:19  SCV  
  67  5:26  SCV  
  68  5:30  Factory  
  68  5:31  Factory, SCV  
  69  5:39  SCV  
  70  5:43  SCV  
  70  5:44  Hellion x2  
  75  5:51  SCV  
  75  5:53  Liberator  
  75  5:55  SCV  
  73  6:03  SCV  
  66  6:05  Hellion x2  
  66  6:08  Orbital Command  
  66  6:11  Factory  
  68  6:13  Factory  
  68  6:16  Factory Tech Lab x2, SCV  
  69  6:21  SCV  
  70  6:27  Hellion x2  
  70  6:28  SCV  
  75  6:33  SCV  
  75  6:35  Mag-Field Accelerator  
  75  6:36  Cyclone x2  
  75  6:37  Infernal Pre-Igniter  
  82  6:41  SCV  
  82  6:42  Orbital Command  
  82  6:45  SCV  
  84  6:53  SCV  
  84  6:54  Refinery x2  
  84  6:56  Factory Tech Lab, Factory Reactor  
  84  6:57  SCV  
  84  6:59  Hellion x2  
  89  7:03  Terran Vehicle And Ship Armor Level 2  
  89  7:05  SCV  
  90  7:09  SCV  
  90  7:11  SCV  
  90  7:12  Supply Depot  
  90  7:13  Supply Depot  
  90  7:14  Supply Depot  
  92  7:17  SCV  
  92  7:22  SCV  
  94  7:23  SCV  
  94  7:29  SCV, Cyclone x2  
  100  7:34  SCV  
  100  7:36  SCV  
  100  7:37  Hellion, Cyclone  
  103  7:41  SCV  
  106  7:46  SCV  
  104  7:51  Hellion  
  104  7:55  SCV x2  
  107  7:58  SCV  
  107  8:01  Cyclone  
  107  8:03  Hellion x3, Cyclone  
  107  8:04  Hellion  
  107  8:05  Hellion  
  119  8:07  SCV  
  119  8:09  SCV  
  113  8:13  SCV  
  113  8:19  Hellion, Cyclone  
  105  8:21  SCV  
  105  8:27  Starport Reactor  
  106  8:29  SCV x2  
  106  8:32  Command Center  
  108  8:36  Cyclone x2  
  108  8:37  Hellion x3  
  118  8:56  Hellion, Cyclone  
  118  8:59  SCV  
  124  9:05  Hellion x2  
  125  9:11  Cyclone  
  125  9:13  Supply Depot  
  125  9:14  Hellion, Supply Depot x2  
  125  9:15  Supply Depot  
  125  9:17  Liberator x2  
  125  9:22  SCV x2  
  125  9:35  Cyclone x2  
  137  9:43  Command Center, Supply Depot  
  137  9:44  Hellion x2  
  137  9:45  Hellion  
  143  9:47  SCV, Supply Depot  
  144  9:54  Hellion x7  
  144  9:59  Hellion  
  149  10:00  Cyclone  
  149  10:07  Cyclone  
  149  10:09  Hellion x2  
  149  10:10  Hellion  
  149  10:14  Fusion Core, Starport x2  
  158  10:17  Refinery  
  158  10:18  Hellion x5  
  158  10:21  Refinery  
  143  10:36  Cyclone x2  
  143  10:37  Hellion x2  
  131  10:47  Hellbat  
Show
View Real Time Build Order
Export as new Build Order

Lambo Zerg - Winner!

Build Orders: Pool First 

Get SALT Encoding   

  12  0:01  Drone  
  13  0:13  Overlord  
  13  0:17  Drone  
  14  0:31  Drone x2  
  16  0:40  Spawning Pool  
  15  0:45  Drone  
  15  0:48  Drone  
  17  1:08  Hatchery  
  17  1:11  Drone  
  17  1:27  Zergling x4  
  17  1:29  Queen, Zergling x2  
  22  1:33  Extractor  
  22  1:39  Overlord  
  21  1:52  Drone  
  22  2:02  Drone  
  22  2:05  Queen  
  25  2:14  Drone  
  26  2:22  Drone  
  27  2:24  Drone  
  28  2:31  Drone  
  28  2:33  Drone  
  28  2:36  Metabolic Boost  
  30  2:41  Drone x2  
  32  2:49  Hatchery  
  31  2:53  Drone  
  31  2:54  Overlord  
  31  2:58  Drone  
  33  3:02  Drone  
  34  3:07  Drone  
  34  3:12  Drone  
  36  3:17  Drone x3  
  39  3:20  Queen  
  39  3:22  Drone  
  39  3:23  Drone  
  39  3:27  Drone  
  44  3:41  Overlord  
  44  3:44  Extractor  
  44  3:45  Overlord  
  44  3:46  Queen, Extractor  
  46  3:59  Queen  
  46  4:00  Zergling x8  
  52  4:04  Queen  
  52  4:06  Drone x3  
  52  4:07  Drone  
  52  4:09  Drone  
  59  4:14  Overlord  
  59  4:15  Drone  
  60  4:19  Drone  
  61  4:25  Queen, Spore Crawler, Baneling Nest  
  58  4:40  Zergling x2  
  58  4:41  Drone x2  
  58  4:42  Overlord  
  58  4:43  Overlord, Drone  
  57  4:46  Drone  
  57  4:51  Drone  
  57  4:52  Drone  
  58  4:56  Drone x2  
  60  5:00  Drone x2  
  60  5:05  Drone x2  
  62  5:12  Zergling x2  
  62  5:13  Baneling x3  
  63  5:16  Drone x3  
  63  5:21  Spore Crawler  
  65  5:24  Drone  
  66  5:28  Baneling x2  
  66  5:30  Drone x5  
  66  5:33  Extractor  
  66  5:34  Queen  
  66  5:35  Extractor  
  71  5:38  Drone x2  
  71  5:39  Overlord  
  73  5:43  Baneling x2  
  73  5:47  Drone x6  
  76  5:54  Drone x4  
  76  5:55  Drone  
  77  5:59  Drone  
  77  6:02  Drone  
  78  6:06  Drone  
  78  6:07  Drone x2  
  78  6:09  Drone  
  82  6:13  Drone x2  
  82  6:16  Extractor  
  82  6:17  Extractor x2, Drone  
  82  6:22  Zergling x2  
  82  6:23  Drone  
  82  6:25  Hatchery  
  83  6:32  Drone x2  
  85  6:34  Drone  
  85  6:36  Drone  
  89  6:43  Lair  
  89  6:44  Zergling x2  
  89  6:45  Zergling x2  
  89  6:46  Evolution Chamber  
  88  6:47  Evolution Chamber  
  88  6:48  Drone x5  
  88  6:49  Overlord, Drone x3  
  95  7:00  Roach Warren  
  94  7:03  Spore Crawler  
  94  7:05  Zergling x8  
  97  7:10  Zergling x2  
  97  7:11  Zergling x6  
  97  7:15  Zergling x8  
  105  7:17  Zerg Missile Weapons Level 1, Zerg Melee Weapons Level 1  
  105  7:22  Overlord, Extractor  
  105  7:24  Extractor  
  105  7:28  Overlord  
  105  7:29  Overlord  
  102  7:30  Overlord  
  102  7:35  Overlord  
  100  7:38  Zergling x14  
  100  7:40  Overlord  
  100  7:42  Overlord  
  100  7:43  Zergling x6  
  100  7:44  Queen  
  107  7:46  Overlord  
  107  7:47  Overlord  
  106  7:51  Overlord  
  106  7:52  Queen  
  106  7:53  Queen  
  106  7:57  Overlord, Hydralisk Den  
  107  7:59  Zergling x6  
  107  8:02  Overlord  
  107  8:03  Overlord  
  108  8:07  Overlord  
  108  8:08  Overlord  
  108  8:12  Zergling x10  
  100  8:18  Centrifical Hooks  
  97  8:20  Roach x2  
  97  8:23  Roach x2  
  97  8:26  Roach x2  
  105  8:27  Glial Reconstitution  
  105  8:30  Roach  
  105  8:32  Roach  
  105  8:33  Roach  
  105  8:34  Baneling  
  111  8:42  Roach x4  
  111  8:43  Ravager x3  
  111  8:44  Ravager  
  111  8:45  Baneling x3  
  111  8:47  Roach, Zergling x2  
  126  8:49  Zergling x6  
  127  8:57  Zergling x12  
  127  9:01  Zergling x8  
  133  9:03  Ravager  
  133  9:04  Ravager x2  
  133  9:05  Roach, Zergling x2  
  133  9:07  Overlord  
  127  9:10  Zergling x2  
  127  9:11  Zergling x4  
  127  9:15  Overlord  
  129  9:17  Overlord  
  129  9:18  Overlord  
  129  9:21  Roach x2  
  131  9:28  Ravager x6  
  131  9:29  Ravager x2  
  139  9:34  Roach  
  139  9:35  Roach  
  141  9:39  Baneling x4  
  141  9:44  Roach x3, Zergling x2  
  148  9:47  Hatchery  
  148  9:49  Roach, Zergling x6  
  148  9:50  Ravager  
  148  9:52  Baneling x4  
  153  9:58  Roach x3  
  153  9:59  Ravager  
  160  10:01  Baneling x3  
  160  10:06  Roach, Zergling x6  
  165  10:10  Zergling x4  
  167  10:15  Ravager, Baneling x9  
  167  10:16  Ravager x2  
  168  10:21  Zergling x8  
  168  10:23  Zergling x2  
  168  10:26  Zergling x6  
  167  10:30  Zergling x6  
  167  10:34  Zergling x4  
  156  10:37  Roach, Zergling x2  
  156  10:40  Zergling x6  
  156  10:45  Zergling x2  
  156  10:49  Zergling x2  
Tags
 
Add a new tag
Caveats
  • Supply blocks, unpowered buildings, or Contaminate may cause inaccurate times.
  • Supply counts are checked every 10 seconds.